 Dungeon Crawl Stone Soup version 0.29.0-4-gdea44cf6ec (webtiles) character file.

Game seed: 611049449250062463

11741 qw the Grappler (level 11, -6/102 HPs)
             Began as a Troll Cinder Acolyte on Sept 1, 2022.
             Was a Believer of Ignis.
             Mangled by a stone giant (8 damage)
             ... on level 11 of the Dungeon.
             The game lasted 00:05:22 (9775 turns).

qw the Grappler (Troll Cinder Acolyte)              Turns: 9775, Time: 00:05:23

Health: -6/102     AC: 14    Str: 31    XL:     11   Next: 53%
Magic:  11/11      EV:  7    Int: 10    God:    Ignis [**....]
Gold:   606        SH: 19    Dex:  5    Spells: 12/12 levels left

rFire   + + .      SeeInvis +     - Unarmed
rCold   + . .      Faith    .   u - +0 tower shield
rNeg    . . .      Spirit   .   s - +0 troll leather armour
rPois   .          Reflect  +   (helmet restricted)
rElec   .          Harm     .   e - +0 cloak
rCorr   +          Rampage  .   (gloves unavailable)
Will    .....                   (boots unavailable)
Stlth   +.........              c - amulet of the Enemy {Reflect *Slow rCorr Str+3 SH+5 SInv}
HPRegen 1.87/turn               d - ring of protection from fire
MPRegen 0.12/turn               m - ring of protection from cold

@: fiery-armoured
A: large, unfitting armour, claws 3, regeneration 1, shaggy fur 1, tough skin 1
a: Renounce Religion, Fiery Armour, Foxfire Swarm, Rising Flame


You were on level 11 of the Dungeon.
You worshipped Ignis.
Ignis was pleased with you.
You visited 1 branch of the dungeon, and saw 11 of its levels.

You collected 606 gold pieces.


Innate Abilities, Weirdness & Mutations

You are too large for most types of armour.
You have claws for hands.
Your natural rate of healing is unusually fast.
You are covered in fur. (AC +1)
You have tough skin. (AC +1)


   Skills:
 - Level 5.1 Fighting
 - Level 2.0 Throwing
 - Level 1.1 Armour
 - Level 1.4 Dodging
 + Level 11.5 Shields
 - Level 12.2 Unarmed Combat
 - Level 1.0 Spellcasting
 - Level 2.1 Fire Magic


You had 12 spell levels left.
You didn't know any spells.
Your spell library contained the following spells:

 Spells                   Type           Power      Damage    Failure   Level
 Scorch                   Fire           8%         2d5       65%         2

Inventory:

Missiles
 t - 3 javelins (quivered)
Armour
 e - a +0 cloak (worn)
 s - a +0 troll leather armour (worn)
 u - a +0 tower shield (worn)
Jewellery
 c - the amulet of the Enemy (around neck) {Reflect *Slow rCorr Str+3 SH+5 SInv}
   (You found it on level 2 of the Dungeon)

   [amulet of reflection]

   It reflects blocked missile attacks.
   Str:       It affects your strength (+3).
   SInv:      It lets you see invisible.
   rCorr:     It protects you from acid and corrosion.
   *Slow:     It may slow you when you take damage.
   SH:        It affects your SH (+5).
 d - a ring of protection from fire (left claw)
 g - a ring of ice
 i - a ring of see invisible
 k - an amulet of reflection
 m - a ring of protection from cold (right claw)
Scrolls
 j - 2 scrolls of identify
 n - a scroll of enchant weapon
Potions
 b - 6 potions of curing
 f - a potion of resistance
 h - 2 potions of haste
 l - a potion of cancellation
 q - a potion of might
 r - a potion of mutation

Dungeon Overview and Level Annotations

Branches:
Dungeon (11/15)            Temple (0/1) D:4             Orc (0/2) D:9
   Lair: D:8-11

Altars:
Gozag
Makhleb
Okawaru

Shops:
D:2 [   D:7 (

Annotations:
D:3 3 runed translucent doors, qw's ghost, amateur TrCA
D:6 3 runed translucent doors, qw's ghost, novice TrCA


Message History

You block the tengu warrior's attack. The tengu warrior barely misses you.
You miss the tengu warrior.
The tengu warrior is severely wounded.
You scratch the fire giant but do no damage.
You claw the fire giant!
The fire giant is lightly wounded.
You scratch the fire giant.
The fire giant is moderately wounded.
You block the stone giant's attack. You block the fire giant's attack.
You scratch the fire giant.
The fire giant is moderately wounded.
You block the fire giant's attack. The stone giant hits you!
The stone giant is burned by your cloak of flames.
The stone giant is lightly wounded.
You scratch the fire giant but do no damage.
The fire giant is moderately wounded.
You block the fire giant's attack. You block the stone giant's attack.
You barely miss the fire giant.
The fire giant is moderately wounded.
The fire giant hits you with a +2 great sword of flaming!!
The fire giant burns you. You block the stone giant's attack.
You mangle the fire giant!!
The fire giant is heavily wounded.
The fire giant gestures at you while chanting.
The bolt of fire hits you. You resist. The stone giant hits you!!
You claw the fire giant!
The fire giant is severely wounded.
The fire giant hits you with a +2 great sword of flaming!!
The fire giant burns you. The stone giant hits you!!
9773 ||| DRINKING potion of heal wounds.
You feel much better. You block the fire giant's attack.
The stone giant closely misses you.
You mangle the fire giant!!
The fire giant is almost dead.
The fire giant hits you with a +2 great sword of flaming!
The stone giant hits you!!
You claw the fire giant!
The fire giant is almost dead.
You block the fire giant's attack. The stone giant hits you!
You die...

#..# #..# #..## #...#
#... #..##########
#..#.....@C.#
#..'.####C#.# #..#.#
.Q# # #..#(# ...#
....... #..#.#....#
#........ #..#.#....#
#........ #..#.#+####
+........ #..#..
#.........
#..##########......^...


You could see a fire giant, a stone giant and a tengu warrior.

Vanquished Creatures
  A hydra (D:11)
  2 two-headed ogres (D:10)
  Pikel (D:8)
  A manticore (D:7)
  A komodo dragon (D:10)
  A troll (D:9)
  A hornet (D:9)
  Sigmund (D:5)
  A wyvern (D:9)
  23 yaks
  2 unseen horror simulacra (D:9)
  Menkaure (D:7)
  6 water moccasins
  5 orc warriors
  2 sky beasts (D:7)
  3 ice beasts
  3 centaurs
  2 ogres (D:5)
  3 kobold brigands
  A phantom (D:5)
  3 lemures (D:8)
  4 bullfrogs
  2 necrophages
  5 scorpions
  3 wights (D:9)
  A killer bee (D:9)
  3 howler monkeys
  A crimson imp (D:10)
  A jelly (D:8)
  10 orc priests
  3 gnoll boudas
  3 hounds
  6 iguanas
  4 orc wizards
  A killer bee simulacrum (D:9)
  16 gnolls
  14 adders
  8 white imps
  An ufetubus (D:9)
  5 worms
  3 dart slugs
  36 orcs
  2 ball pythons (D:3)
  5 bats
  6 endoplasms
  A giant cockroach (D:4)
  A hobgoblin (D:3)
  4 jackals
  5 quokkas
  A frilled lizard (D:3)
  7 goblins
  24 kobolds
  7 rats
257 creatures vanquished.

Notes
Turn   | Place    | Note
-------+----------+-------------------------------------------
     0 | D:1      | qw the Troll Cinder Acolyte began the quest for the Orb.
     0 | D:1      | Reached XP level 1. HP: 22/22 MP: 1/1
     0 | D:1      | 0 ||| qw: Version: 0.1-a-97-g2dd2ca4
     0 | D:1      | 0 ||| qw: Game counter: 4900
     0 | D:1      | 0 ||| qw: Always use a shield: true
     0 | D:1      | 0 ||| qw: God list: Okawaru
     0 | D:1      | 0 ||| qw: Allow faded altars: false
     0 | D:1      | 0 ||| qw: Do Orc after D:15 true
     0 | D:1      | 0 ||| qw: Do second Lair branch before Depths: true
     0 | D:1      | 0 ||| qw: Lair rune preference: random
     0 | D:1      | 0 ||| qw: Plans: Normal
     0 | D:1      | 0 ||| PLANNING D:1-11
   341 | D:1      | Reached XP level 2. HP: 29/29 MP: 2/2
   452 | D:1      | 452 ||| Stepping ~*~*~tactically~*~*~ (stealth).
   580 | D:1      | 580 ||| Stepping ~*~*~tactically~*~*~ (hiding).
   712 | D:1      | 712 ||| UPGRADING to ring of protection from fire.
   713 | D:1      | 713 ||| READING scroll labelled RETSEK HUMO.
   717 | D:1      | 717 ||| READING scroll labelled KIKUDUL TUOK.
   718 | D:1      | 718 ||| READING scroll labelled ZERPHA BAKU.
   730 | D:2      | 730 ||| STAIRDANCE
   742 | D:1      | Reached skill level 4 in Unarmed Combat
   746 | D:2      | 746 ||| STAIRDANCE
   760 | D:2      | 760 ||| Stepping randomly (stuck).
   767 | D:2      | Reached XP level 3. HP: 34/36 MP: 3/3
   773 | D:2      | Identified the amulet of the Enemy {Reflect *Slow rCorr
                  | Str+3 SH+5 SInv}
   950 | D:2      | Found Jicof's Armour Shoppe.
   960 | D:2      | 960 ||| SHOPLISTING +1 cloak (126 gold, have 55).
  1234 | D:2      | Reached skill level 5 in Unarmed Combat
  1234 | D:2      | Reached XP level 4. HP: 44/44 MP: 4/4
  1583 | D:2      | 1583 ||| UPGRADING to amulet of the Enemy {Reflect *Slow
                  | rCorr Str+3 SH+5 SInv}.
  1588 | D:2      | 1588 ||| READING scroll labelled CEOQAEGOMY.
  1727 | D:3      | Noticed a necrophage
  1732 | D:3      | Killed a necrophage
  1733 | D:3      | Reached XP level 5. HP: 47/50 MP: 5/5
  1735 | D:3      | 1735 ||| Stepping ~*~*~tactically~*~*~ (stealth).
  1741 | D:3      | 1741 ||| Stepping ~*~*~tactically~*~*~ (outnumbered).
  1815 | D:3      | 1815 ||| Stepping ~*~*~tactically~*~*~ (stealth).
  1851 | D:3      | Found a runed translucent gate.
  1851 | D:3      | Found a runed translucent gate.
  1851 | D:3      | Found a runed translucent gate.
  1857 | D:3      | Noticed qw's ghost (amateur TrCA)
  1934 | D:3      | Reached skill level 6 in Unarmed Combat
  2316 | D:3      | 2316 ||| READING 2 scrolls labelled NOSMUD BOEMN.
  2317 | D:3      | 2317 ||| READING scroll labelled ESISUHYETE.
  2318 | D:3      | 2318 ||| READING scroll labelled COONTI KUCIA.
  2419 | D:3      | 2419 ||| DRINKING 2 fizzy grey potions.
  2420 | D:3      | 2420 ||| DRINKING 2 yellow potions.
  2421 | D:3      | 2421 ||| READING 2 scrolls of identify.
  2421 | D:3      | 2421 ||| IDENTIFYING puce potion
  2422 | D:3      | 2422 ||| DROPPING potion of invisibility.
  2423 | D:3      | 2423 ||| DROPPING potion of brilliance.
  2424 | D:3      | 2424 ||| DROPPING scroll of immolation.
  2454 | D:4      | 2454 ||| READING scroll of teleportation.
  2455 | D:4      | 2455 ||| FLEEEEING.
  2456 | D:4      | 2456 ||| FLEEEEING.
  2457 | D:4      | 2457 ||| FLEEEEING.
  2483 | D:4      | 2483 ||| Stepping ~*~*~tactically~*~*~ (stealth).
  2489 | D:4      | 2489 ||| Stepping ~*~*~tactically~*~*~ (outnumbered).
  2490 | D:4      | 2490 ||| Stepping ~*~*~tactically~*~*~ (outnumbered).
  2491 | D:4      | 2491 ||| Stepping ~*~*~tactically~*~*~ (outnumbered).
  2755 | D:4      | 2755 ||| Stepping ~*~*~tactically~*~*~ (stealth).
  2756 | D:4      | 2756 ||| Stepping ~*~*~tactically~*~*~ (stealth).
  2758 | D:4      | 2758 ||| Stepping ~*~*~tactically~*~*~ (stealth).
  2764 | D:4      | 2764 ||| Stepping ~*~*~tactically~*~*~ (stealth).
  2848 | D:4      | Reached XP level 6. HP: 57/59 MP: 6/6
  2891 | D:4      | Found a staircase to the Ecumenical Temple.
  2959 | D:4      | Reached skill level 7 in Unarmed Combat
  3328 | D:4      | 3328 ||| READING scroll labelled DOLIUSE HORETE.
  3329 | D:4      | 3329 ||| Stepping randomly (stuck).
  3330 | D:4      | 3330 ||| Stepping ~*~*~tactically~*~*~ (cloud).
  3371 | D:5      | Entered Level 5 of the Dungeon
  3442 | D:5      | 3442 ||| Stepping ~*~*~tactically~*~*~ (outnumbered).
  3448 | D:5      | 3448 ||| Stepping ~*~*~tactically~*~*~ (outnumbered).
  3485 | D:5      | Identified the +1 robe of the Morning Star {rN+}
  3603 | D:5      | Reached skill level 8 in Unarmed Combat
  3603 | D:5      | Reached XP level 7. HP: 66/66 MP: 7/7
  3618 | D:5      | 3618 ||| Stepping ~*~*~tactically~*~*~ (hiding).
  3619 | D:5      | 3619 ||| Stepping ~*~*~tactically~*~*~ (hiding).
  3630 | D:5      | Reached skill level 3 in Fighting
  3635 | D:5      | 3635 ||| INVOKING Fiery Armour.
  3690 | D:5      | Noticed Sigmund
  3693 | D:5      | 3693 ||| Stepping ~*~*~tactically~*~*~ (outnumbered).
  3705 | D:5      | Killed Sigmund
  3706 | D:5      | Reached skill level 9 in Unarmed Combat
  3745 | D:5      | Reached skill level 1 in Throwing
  3752 | D:5      | 3752 ||| Stepping ~*~*~tactically~*~*~ (hiding).
  3839 | D:5      | Reached skill level 1 in Dodging
  3839 | D:5      | Reached XP level 8. HP: 75/75 MP: 8/8
  3847 | D:5      | 3847 ||| Stepping ~*~*~tactically~*~*~ (stealth).
  4078 | D:5      | 4078 ||| UPGRADING to +1 robe of the Morning Star {rN+}.
  4088 | D:5      | 4088 ||| DROPPING +0 robe.
  4089 | D:5      | 4089 ||| READING scroll labelled LAD LANYUGGUA.
  4090 | D:5      | 4090 ||| DRINKING 3 clear potions.
  4195 | D:5      | 4195 ||| DRINKING 2 fizzy pink potions.
  4196 | D:5      | 4196 ||| DRINKING 2 purple potions.
  4197 | D:5      | 4197 ||| DROPPING 2 potions of berserk rage.
  4281 | D:6      | 4281 ||| Stepping ~*~*~tactically~*~*~ (hiding).
  4394 | D:6      | Reached skill level 10 in Unarmed Combat
  4417 | D:6      | Found a runed translucent gate.
  4428 | D:6      | Found a runed translucent gate.
  4429 | D:6      | Found a runed translucent gate.
  4429 | D:6      | Noticed qw's ghost (novice TrCA)
  4429 | D:6      | Identified the +1 plate armour "Niobudoz" {Rampage Drain
                  | Fly SInv}
  4736 | D:6      | 4736 ||| INVOKING Fiery Armour.
  4737 | D:6      | 4737 ||| Stepping ~*~*~tactically~*~*~ (outnumbered).
  4738 | D:6      | 4738 ||| Stepping ~*~*~tactically~*~*~ (hiding).
  4739 | D:6      | 4739 ||| Stepping ~*~*~tactically~*~*~ (hiding).
  4796 | D:6      | 4796 ||| Stepping ~*~*~tactically~*~*~ (outnumbered).
  4802 | D:6      | 4802 ||| Stepping ~*~*~tactically~*~*~ (outnumbered).
  4803 | D:6      | 4803 ||| Stepping ~*~*~tactically~*~*~ (outnumbered).
  4804 | D:6      | 4804 ||| Stepping ~*~*~tactically~*~*~ (outnumbered).
  4805 | D:6      | 4805 ||| Stepping ~*~*~tactically~*~*~ (outnumbered).
  4809 | D:6      | 4809 ||| Stepping ~*~*~tactically~*~*~ (outnumbered).
  4810 | D:6      | 4810 ||| Stepping ~*~*~tactically~*~*~ (outnumbered).
  4811 | D:6      | 4811 ||| Stepping ~*~*~tactically~*~*~ (outnumbered).
  4996 | D:6      | 4996 ||| UPGRADING to +0 cloak.
  5001 | D:6      | 5001 ||| READING scroll labelled MUENORAIDADA.
  5002 | D:6      | 5002 ||| READING scroll labelled LIULEI UCVUBRO.
  5003 | D:6      | 5003 ||| DRINKING 2 fizzy green potions.
  5004 | D:6      | 5004 ||| READING 2 scrolls of identify.
  5004 | D:6      | 5004 ||| IDENTIFYING bubbling yellow potion
  5005 | D:6      | 5005 ||| DROPPING potion of ambrosia.
  5036 | D:7      | Found Nyery's Weapon Shoppe.
  5125 | D:7      | Reached skill level 11 in Unarmed Combat
  5149 | D:7      | Noticed a manticore
  5150 | D:7      | 5150 ||| INVOKING Fiery Armour.
  5155 | D:7      | Reached XP level 9. HP: 63/84 MP: 9/9
  5161 | D:7      | Killed a manticore
  5281 | D:7      | Reached skill level 12 in Unarmed Combat
  5351 | D:7      | Noticed Menkaure
  5353 | D:7      | 5353 ||| Stepping ~*~*~tactically~*~*~ (hiding).
  5360 | D:7      | Killed Menkaure
  5500 | D:7      | 5500 ||| Stepping ~*~*~tactically~*~*~ (hiding).
  5501 | D:7      | 5501 ||| Stepping ~*~*~tactically~*~*~ (hiding).
  5698 | D:7      | 5698 ||| Stepping ~*~*~tactically~*~*~ (hiding).
  5811 | D:7      | 5811 ||| Stepping ~*~*~tactically~*~*~ (stealth).
  5971 | D:7      | 5971 ||| Stepping ~*~*~tactically~*~*~ (outnumbered).
  6090 | D:7      | 6090 ||| UPGRADING to +0 tower shield.
  6095 | D:7      | 6095 ||| UPGRADING to ring of protection from cold.
  6096 | D:7      | 6096 ||| READING scroll labelled IRRYGE VAOMERE.
  6133 | D:7      | 6133 ||| READING scroll labelled YVIOFAINKA.
  6170 | D:8      | Reached skill level 1 in Shields
  6235 | D:8      | 6235 ||| Stepping ~*~*~tactically~*~*~ (stealth).
  6244 | D:8      | 6244 ||| Stepping ~*~*~tactically~*~*~ (stealth).
  6246 | D:8      | 6246 ||| Stepping ~*~*~tactically~*~*~ (stealth).
  6259 | D:8      | 6259 ||| Stepping ~*~*~tactically~*~*~ (outnumbered).
  6361 | D:8      | 6361 ||| Stepping ~*~*~tactically~*~*~ (stealth).
  6363 | D:8      | 6363 ||| Stepping ~*~*~tactically~*~*~ (stealth).
  6366 | D:8      | 6366 ||| INVOKING Fiery Armour.
  6368 | D:8      | 6368 ||| Stepping ~*~*~tactically~*~*~ (outnumbered).
  6371 | D:8      | Reached skill level 3 in Shields
  6413 | D:8      | Found an opulent altar of Gozag.
  6414 | D:8      | 6414 ||| Stepping ~*~*~tactically~*~*~ (stealth).
  6416 | D:8      | Noticed Pikel
  6419 | D:8      | 6419 ||| Stepping ~*~*~tactically~*~*~ (outnumbered).
  6430 | D:8      | Killed Pikel
  6431 | D:8      | Reached XP level 10. HP: 86/96 MP: 10/10
  6451 | D:8      | 6451 ||| Stepping ~*~*~tactically~*~*~ (stealth).
  6453 | D:8      | 6453 ||| Stepping ~*~*~tactically~*~*~ (hiding).
  6496 | D:8      | 6496 ||| Stepping ~*~*~tactically~*~*~ (stealth).
  6506 | D:8      | 6506 ||| Stepping ~*~*~tactically~*~*~ (stealth).
  6712 | D:8      | 6712 ||| READING scroll labelled JURHOXZ HUOKURPH.
  6734 | D:9      | 6734 ||| STAIRDANCE
  6741 | D:9      | 6741 ||| STAIRDANCE
  6749 | D:9      | 6749 ||| STAIRDANCE
  7042 | D:9      | Found a staircase to the Orcish Mines.
  7120 | D:9      | 7120 ||| Stepping ~*~*~tactically~*~*~ (stealth).
  7121 | D:9      | 7121 ||| Stepping ~*~*~tactically~*~*~ (stealth).
  7138 | D:9      | 7138 ||| Stepping ~*~*~tactically~*~*~ (stealth).
  7165 | D:9      | 7165 ||| INVOKING Fiery Armour.
  7167 | D:9      | Reached skill level 6 in Shields
  7168 | D:9      | 7168 ||| Stepping ~*~*~tactically~*~*~ (outnumbered).
  7169 | D:9      | 7169 ||| Stepping ~*~*~tactically~*~*~ (outnumbered).
  7170 | D:9      | 7170 ||| Stepping ~*~*~tactically~*~*~ (outnumbered).
  7219 | D:9      | 7219 ||| Stepping ~*~*~tactically~*~*~ (stealth).
  7221 | D:9      | 7221 ||| Stepping ~*~*~tactically~*~*~ (hiding).
  7297 | D:9      | 7297 ||| Stepping ~*~*~tactically~*~*~ (stealth).
  7302 | D:9      | 7302 ||| Stepping ~*~*~tactically~*~*~ (stealth).
  7306 | D:9      | 7306 ||| Stepping ~*~*~tactically~*~*~ (outnumbered).
  7307 | D:9      | 7307 ||| Stepping ~*~*~tactically~*~*~ (outnumbered).
  7308 | D:9      | 7308 ||| Stepping ~*~*~tactically~*~*~ (outnumbered).
  7497 | D:9      | 7497 ||| Stepping ~*~*~tactically~*~*~ (outnumbered).
  7502 | D:9      | Reached skill level 9 in Shields
  7560 | D:9      | 7560 ||| Stepping ~*~*~tactically~*~*~ (hiding).
  7708 | D:9      | 7708 ||| Stepping ~*~*~tactically~*~*~ (hiding).
  7714 | D:9      | 7714 ||| Stepping ~*~*~tactically~*~*~ (stealth).
  7811 | D:9      | 7811 ||| INVOKING Fiery Armour.
  8096 | D:9      | 8096 ||| Stepping ~*~*~tactically~*~*~ (hiding).
  8097 | D:9      | 8097 ||| Stepping ~*~*~tactically~*~*~ (hiding).
  8286 | D:9      | Found a burning altar of Makhleb.
  8286 | D:9      | Found an iron altar of Okawaru.
  8499 | D:9      | 8499 ||| UPGRADING to +0 troll leather armour.
  8509 | D:9      | 8509 ||| DROPPING +1 robe of the Morning Star {rN+}.
  8510 | D:9      | 8510 ||| READING scroll labelled ITAREKLYRAS.
  8511 | D:9      | 8511 ||| DRINKING 3 sapphire potions.
  8512 | D:9      | 8512 ||| DRINKING 2 lumpy red potions.
  8513 | D:9      | 8513 ||| READING 2 scrolls of identify.
  8513 | D:9      | 8513 ||| IDENTIFYING green potion
  8514 | D:9      | 8514 ||| DROPPING 2 potions of attraction.
  8562 | D:10     | Entered Level 10 of the Dungeon
  8710 | D:10     | Noticed a two-headed ogre
  8710 | D:10     | Noticed a two-headed ogre
  8711 | D:10     | 8711 ||| INVOKING Fiery Armour.
  8715 | D:10     | 8715 ||| Stepping ~*~*~tactically~*~*~ (outnumbered).
  8717 | D:10     | 8717 ||| Stepping ~*~*~tactically~*~*~ (outnumbered).
  8721 | D:10     | 8721 ||| Stepping ~*~*~tactically~*~*~ (stealth).
  8725 | D:10     | 8725 ||| Stepping ~*~*~tactically~*~*~ (stealth).
  8726 | D:10     | Killed a two-headed ogre
  8727 | D:10     | Reached XP level 11. HP: 38/102 MP: 11/11
  8731 | D:10     | HP: 7/102 [two-headed ogre/+0 dire flail (24)]
  8731 | D:10     | Killed a two-headed ogre
  8732 | D:10     | 8732 ||| READING scroll of teleportation.
  8733 | D:10     | 8733 ||| DRINKING 2 potions of heal wounds.
  8823 | D:10     | Reached skill level 1 in Armour
  8840 | D:10     | 8840 ||| INVOKING Fiery Armour.
  8844 | D:10     | 8844 ||| Stepping ~*~*~tactically~*~*~ (outnumbered).
  8845 | D:10     | 8845 ||| Stepping ~*~*~tactically~*~*~ (outnumbered).
  8846 | D:10     | 8846 ||| Stepping ~*~*~tactically~*~*~ (outnumbered).
  8854 | D:10     | 8854 ||| Stepping ~*~*~tactically~*~*~ (outnumbered).
  8855 | D:10     | 8855 ||| Stepping ~*~*~tactically~*~*~ (outnumbered).
  8856 | D:10     | 8856 ||| Stepping ~*~*~tactically~*~*~ (outnumbered).
  8857 | D:10     | 8857 ||| Stepping ~*~*~tactically~*~*~ (outnumbered).
  8858 | D:10     | 8858 ||| Stepping ~*~*~tactically~*~*~ (outnumbered).
  8948 | D:10     | 8948 ||| Stepping ~*~*~tactically~*~*~ (hiding).
  9083 | D:10     | 9083 ||| Stepping ~*~*~tactically~*~*~ (hiding).
  9085 | D:10     | 9085 ||| Stepping ~*~*~tactically~*~*~ (hiding).
  9206 | D:10     | 9206 ||| Stepping ~*~*~tactically~*~*~ (stealth).
  9211 | D:10     | 9211 ||| Stepping ~*~*~tactically~*~*~ (stealth).
  9213 | D:10     | 9213 ||| Stepping ~*~*~tactically~*~*~ (stealth).
  9214 | D:10     | 9214 ||| Stepping ~*~*~tactically~*~*~ (stealth).
  9221 | D:10     | 9221 ||| Stepping ~*~*~tactically~*~*~ (stealth).
  9222 | D:10     | 9222 ||| Stepping ~*~*~tactically~*~*~ (stealth).
  9223 | D:10     | 9223 ||| Stepping ~*~*~tactically~*~*~ (stealth).
  9583 | D:10     | 9583 ||| READING 3 scrolls of identify.
  9583 | D:10     | 9583 ||| IDENTIFYING golden potion
  9584 | D:10     | 9584 ||| DROPPING potion of degeneration.
  9642 | D:11     | 9642 ||| Stepping ~*~*~tactically~*~*~ (outnumbered).
  9643 | D:11     | 9643 ||| Stepping ~*~*~tactically~*~*~ (outnumbered).
  9644 | D:11     | 9644 ||| Stepping ~*~*~tactically~*~*~ (outnumbered).
  9645 | D:11     | 9645 ||| Stepping ~*~*~tactically~*~*~ (outnumbered).
  9646 | D:11     | 9646 ||| Stepping ~*~*~tactically~*~*~ (outnumbered).
  9647 | D:11     | 9647 ||| Stepping ~*~*~tactically~*~*~ (outnumbered).
  9648 | D:11     | 9648 ||| INVOKING Fiery Armour.
  9750 | D:11     | Noticed an eight-headed hydra
  9750 | D:11     | Noticed a stone giant
  9750 | D:11     | Noticed a fire giant
  9750 | D:11     | Noticed a tengu warrior
  9751 | D:11     | 9751 ||| INVOKING Fiery Armour.
  9754 | D:11     | Killed a ten-headed hydra
  9772 | D:11     | HP: 6/102 [stone giant (29)]
  9773 | D:11     | 9773 ||| DRINKING potion of heal wounds.
  9774 | D:11     | HP: 1/102 [stone giant (21)]
  9775 | D:11     | Mangled by a stone giant

Levels and vault maps discovered:
D:1:      onia_arrival_mini_maze_b, layout_rooms
D:2:      layout_loops_corners, serial_shops, shop, kennysheep_decorative_pillar
D:3:      layout_loops_cross, gammafunk_ghost_necromancy
D:4:      layout_loops_corners, minmay_temple_entry_sparse_star,
          nicolae_concentric_dashed_squares_mild, minmay_misc_feat_roman
D:5:      layout_loops_ring, uniq_sigmund
D:6:      layout_gridville, biasface_ghost_orc_armoury
D:7:      layout_gridville, serial_shops, nicolae_stop_n_shop_2,
          minmay_microvault, uniq_menkaure
D:8:      layout_rooms, grunt_gozag_statues, uniq_pikel
D:9:      minmay_spotlight, layout_layer_cave, nicolae_overflow_two_pavilions,
          minmay_orc_entry_temple_small, serial_ice, serial_ice_c, serial_ice_e,
          serial_ice_k, serial_ice_o
D:10:     layout_cave_pods, minmay_fire_ice_demons
D:11:     layout_long_grid, david_lair_shrubbed, minivault_25_ag

Skill      XL: |  1  2  3  4  5  6  7  8  9 10 11 |
---------------+----------------------------------+-----
Unarmed Combat | 4 5 6 8 9 11 12 | 12.2
Fighting       | 3 4 5 |  5.1
Throwing       | 1 2 |  2.0
Dodging        | 1 |  1.4
Shields        | 4 9 11 | 11.5
Armour         | 1 |  1.1
Spellcasting   | |  1.0
Fire Magic     | |  2.1

Action                   |  1- 3 |  4- 6 |  7- 9 | 10-12 || total
-------------------------+-------+-------+-------+-------++-------
Melee: Unarmed           |    97 |   156 |   211 |   297 ||   761
       Punch             |     1 |       |     7 |       ||     8
Throw: Boomerang         |       |     6 |    30 |     2 ||    38
       Javelin           |       |       |    16 |    31 ||    47
Invok: Fiery Armour      |       |       |     4 |     6 ||    10
  Use: Scroll            |     3 |     7 |     6 |     5 ||    21
       Potion            |       |     2 |     4 |     4 ||    10
Armor: Robe              |    27 |    20 |    52 |    27 ||   126
       Troll leather arm |       |       |       |    43 ||    43
Dodge: Dodged            |    43 |    37 |    65 |    52 ||   197
Block: Other             |       |    25 |    21 |       ||    46
       Reflection        |       |     1 |     1 |     8 ||    10
       Tower shield      |       |       |    13 |   244 ||   257

Table legend:
 A = Non-vault XP
 B = Vault XP
 C = Vault XP percentage of total XP
 D = Non-vault monster count
 E = Vault monster count
 F = Vault count percentage of total count
                 A         B        C        D         E       F
            +---------+---------+-------+---------+---------+-------
      Total |   12641 |    4133 |  24.6 |     222 |      32 |  12.6
            +---------+---------+-------+---------+---------+-------
        D:1 |      31 |       0 |   0.0 |      19 |       0 |   0.0
        D:2 |      74 |       0 |   0.0 |      13 |       0 |   0.0
        D:3 |     165 |       0 |   0.0 |      23 |       0 |   0.0
        D:4 |     367 |       0 |   0.0 |      17 |       0 |   0.0
        D:5 |     813 |     223 |  21.5 |      24 |       1 |   4.0
        D:6 |     998 |       0 |   0.0 |      22 |       0 |   0.0
        D:7 |    1088 |     716 |  39.7 |      21 |       2 |   8.7
        D:8 |     820 |     629 |  43.4 |      21 |       1 |   4.5
        D:9 |    3249 |    1667 |  33.9 |      24 |      25 |  51.0
       D:10 |    4533 |      58 |   1.3 |      27 |       2 |   6.9
       D:11 |     503 |     840 |  62.5 |      11 |       1 |   8.3
            +---------+---------+-------+---------+---------+-------
